Map: Prion Terraces

Players

LilDicky - Winner!

  • Race: Terran Terran
  • League: Diamond

Shouse

  • Race: Zerg Zerg
  • League: Platinum

VOD

http://www.twitch.tv/tumescentpie

Description

Time

  • Played on: Nov. 27, 2015, 12:42 a.m.
  • Length: 5:30
Show
View Real Time Build Order
Export as new Build Order

LilDicky Terran - Winner!

Build Orders: MMM Bio 

Get SALT Encoding   

  12  0:01  SCV  
  13  0:13  SCV  
  14  0:18  Supply Depot  
  14  0:25  SCV  
  15  0:30  Refinery  
  15  0:40  SCV  
  16  0:45  Barracks  
  16  0:52  SCV  
  17  1:07  SCV  
  18  1:19  SCV  
  19  1:31  SCV  
  19  1:32  Barracks Reactor  
  20  1:35  Supply Depot  
  20  1:43  Orbital Command  
  20  2:02  Barracks  
  20  2:05  Barracks  
  20  2:10  SCV  
  20  2:13  Supply Depot, Factory  
  20  2:14  Marine x2  
  23  2:24  SCV, Refinery  
  24  2:33  Supply Depot, Marine  
  24  2:35  Marine  
  26  2:46  SCV  
  27  2:51  Barracks Tech Lab, Marine  
  27  2:52  Barracks Tech Lab, Marine  
  27  2:57  Factory Reactor  
  29  2:59  SCV  
  30  3:07  Supply Depot  
  30  3:09  Marine  
  31  3:16  Stimpack  
  31  3:18  Combat Shields  
  31  3:21  SCV, Marine  
  31  3:24  Marine  
  31  3:26  Marine  
  35  3:40  Starport  
  35  3:43  Marauder, Marine  
  35  3:47  SCV  
  35  3:48  Marine  
  40  3:50  Marine  
  41  3:59  SCV  
  41  4:00  Marine  
  43  4:04  Marine  
  43  4:06  Marine  
  43  4:07  Marine  
  46  4:11  SCV  
  46  4:13  Supply Depot  
  49  4:22  Medivac x2  
  49  4:24  SCV, Marine  
  52  4:30  Marine  
  54  4:35  Marauder  
  56  4:40  Marine  
  56  4:44  SCV  
  56  4:45  Marine  
  58  4:47  Concussive Shells  
  58  4:51  Marine  
  60  4:56  Marauder  
  60  4:57  SCV  
  63  5:03  Supply Depot  
  63  5:19  Supply Depot  
Show
View Real Time Build Order
Export as new Build Order

Shouse Zerg 

Build Orders: Hatch First 

Get SALT Encoding   

  12  0:06  Drone  
  13  0:07  Drone  
  14  0:21  Overlord  
  14  0:40  Drone x3  
  17  0:51  Drone  
  18  1:03  Hatchery  
  17  1:06  Drone  
  18  1:14  Spawning Pool  
  18  1:16  Drone  
  18  1:21  Extractor  
  17  1:28  Drone  
  18  1:34  Drone  
  19  1:46  Drone  
  20  2:08  Queen  
  20  2:15  Queen  
  22  2:17  Drone x4  
  28  2:32  Overlord  
  28  2:36  Overlord  
  28  2:53  Lair  
  28  2:57  Drone x4  
  32  3:09  Drone x2  
  34  3:29  Drone x4  
  38  3:41  Drone x2  
  38  3:42  Drone x3  
  43  3:59  Queen  
  43  4:00  Hydralisk Den  
  44  4:02  Queen  
  44  4:03  Extractor x2  
  44  4:04  Spore Crawler, Extractor  
  44  4:07  Drone x2  
  44  4:10  Overlord x2  
  44  4:15  Spore Crawler  
  43  4:21  Overlord  
  44  4:24  Drone  
  44  4:32  Zergling x2  
  44  4:35  Queen  
  44  4:38  Queen  
  47  4:42  Drone x2  
  47  4:43  Drone  
  52  4:46  Drone x3  
  55  4:57  Drone x3  
  55  4:59  Overlord x2  
  58  5:02  Overseer  
  69  5:22  Spine Crawler x3  
  69  5:23  Spine Crawler x2  
Tags
 
Add a new tag
Caveats
  • Supply blocks, unpowered buildings, or Contaminate may cause inaccurate times.
  • Supply counts are checked every 10 seconds.